 Dungeon Crawl Stone Soup version 0.18.1-5-g4a78601 (webtiles) character file.

2792 dvd the Geomancer (level 9, -2/74 HPs)
             Began as a Deep Dwarf Earth Elementalist on May 11, 2016.
             Was an Initiate of Elyvilon.
             Slain by an orc warrior
             ... wielding a +0 battleaxe
              (27 damage)
             ... on level 7 of the Dungeon.
             The game lasted 00:26:32 (6389 turns).

dvd the Geomancer (Deep Dwarf Earth Elementalist)   Turns: 6389, Time: 00:26:33

Health: -2/74      AC:  2    Str: 11    XL:     9   Next: 43%
Magic:  14/17      EV: 15    Int: 20    God:    Elyvilon [......]
Gold:   442        SH:  0    Dex: 13    Spells: 3 memorised, 11 levels left

rFire  . . .     SeeInvis .     b - 34 stones
rCold  . . .     Gourm    .     k - +0 robe (curse)
rNeg   . . .     Faith    .     (no shield)
rPois  .         Spirit   .     (no helmet)
rElec  .         Dismiss  .     (no cloak)
rCorr  .         Reflect  .     (no gloves)
SustAt .         Harm     .     (no boots)
MR     ++...                    (no amulet)
Stlth  +++.......               (no ring)
                                o - ring of protection from magic

@: non-regenerating, very resistant to hostile enchantments, fairly stealthy
A: damage resistance, recharge devices, sense surroundings 2, slow regeneration
3
a: Device Recharging, Renounce Religion


You were on level 7 of the Dungeon.
You worshipped Elyvilon.
Elyvilon was noncommittal.
You were not hungry.

You visited 2 branches of the dungeon, and saw 8 of its levels.

You collected 442 gold pieces.

Inventory:

Hand Weapons
 a - a +2 mace of protection
 j - a cursed -3 spear
 r - a +1 whip of freezing
 v - a +1 flail of holy wrath
 w - a +0 bardiche
 A - a +0 trident
Missiles
 b - 34 stones (in hand)
Armour
 g - a +0 robe
 k - a cursed +0 robe (worn)
Jewellery
 o - a ring of protection from magic (left hand)
Wands
 d - a wand of heal wounds (4/9)
 q - a wand of acid (0/15)
Scrolls
 e - a scroll of remove curse
 i - 4 scrolls of identify
 l - a scroll of teleportation {unknown}
 s - a scroll of fog
 u - a scroll of enchant armour {unknown}
Potions
 m - a potion of flight
Books
 c - a book of Geomancy

   Spells                             Type                      Level
   a - Sandblast                      Earth                        1
   b - Passwall                       Transmutation/Earth          2
   c - Stone Arrow                    Conjuration/Earth            3
   d - Petrify                        Transmutation/Earth          4
   e - Lee's Rapid Deconstruction     Earth                        5
Comestibles
 f - 3 bread rations
 h - 3 meat rations
 p - 2 fruits
 t - 2 beef jerkies
 x - 4 chunks of flesh


   Skills:
 + Level 2.9 Fighting
 + Level 2.4 Maces & Flails
 + Level 6.4 Dodging
 + Level 4.9 Stealth
 + Level 6.3 Spellcasting
 + Level 1.3 Conjurations
   Level 0.8 Transmutations
 + Level 9.8 Earth Magic
 + Level 2.2 Evocations


You had 11 spell levels left.
You knew the following spells:

 Your Spells              Type           Power        Failure   Level  Hunger
a - Sandblast             Erth           #####.       1%          1    None
b - Stone Arrow           Conj/Erth      ####..       3%          3    ##.....
c - Lee's Rapid Deconstr  Erth           #####.....   8%          5    #####..


Dungeon Overview and Level Annotations

Branches:
Dungeon (7/15)             Temple (1/1) D:6

Altars:
Ashenzari
Cheibriados
Dithmenos
Elyvilon
Fedhas
Gozag
Kikubaaqudgha
Makhleb
Okawaru
Qazlal
Ru
Vehumet
Xom
Yredelemnul
Zin
The Shining One

Shops:
D:4 :


Innate Abilities, Weirdness & Mutations

You are resistant to damage.
You can recharge devices by infusing magical energy.
You passively map the area around you.
You do not regenerate naturally.


Message History

An orc comes into view.
It is wielding a hand axe of electrocution.
Casting: Sandblast
Confirm with . or Enter, or press ? or * to list all spells.
Aiming: Sandblast
Press: ? - help, Shift-Dir - straight line, f/p - orc warrior
Aim: an orc warrior, wielding a battleaxe and wearing a plate armour The rocky blast hits the orc warrior.
The orc warrior is severely wounded.
The orc warrior closely misses you.
Casting: Sandblast
Confirm with . or Enter, or press ? or * to list all spells.
Aiming: Sandblast
Press: ? - help, Shift-Dir - straight line, f/p - orc warrior
Aim: an orc warrior, wielding a battleaxe and wearing a plate armour (severely wounded)
The rocky blast hits the orc warrior.
The orc warrior is severely wounded.
The orc priest calls upon Beogh to heal the orc warrior.
The orc warrior is healed somewhat.
The orc warrior hits you with a battleaxe!!
You die...

.... .....#####...#..... ,
* .#..# #.#.#...........##
,*
.....###...............##
,,
#....#.#.#.....†........
.##.#..##.#####...#..####.
* .......##.#
##.#.#o..?... ,
..........# #.###o?..o...,
, ######)####
##.#o######o. .....))#
##@o...... , , .#######
######### , .# **,* ## * *
,* , ,, * * ** * * , * , ,
* * * * , * , , * * * , *,


You could see an orc warrior, an orc priest and 2 orcs.

Vanquished Creatures
  Pikel (D:6)
  Sigmund (D:6)
  Eustachio (D:5)
  Edmund (D:6)
  The ghost of Mefis the Magician, an amateur DEWz (D:4)
  2 slaves
  A sky beast (D:6)
  An orc warrior (D:6)
  3 phantoms
  2 ogres
  A centaur (D:5)
  Blork the orc (D:6)
  A giant frog (D:6)
  A scorpion (D:3)
  2 howler monkeys
  A crimson imp (D:5)
  2 jellies (D:5)
  5 orc wizards
  A giant frog skeleton (D:5)
  5 orc priests
  Ijyb (D:2)
  2 worker ants (D:4)
  A hound skeleton (D:5)
  3 gnolls (D:3)
  14 adders
  3 shadow imps
  An ooze (D:2)
  An adder zombie (D:5)
  3 adder skeletons
  3 worms (D:3)
  A dart slug (D:4)
  11 giant geckos
  33 orcs
  5 giant cockroaches
  16 goblins
  10 hobgoblins
  15 jackals
  2 quokkas
  A bat (D:1)
  7 giant newts
  7 kobolds
  9 rats
183 creatures vanquished.

Vanquished Creatures (others)
  2 centaurs (D:5)
  A hound (D:5)
  An orc wizard (D:5)
  A giant gecko (D:6)
  An orc (D:5)
6 creatures vanquished.

Grand Total: 189 creatures vanquished

Notes
Turn   | Place    | Note
--------------------------------------------------------------
     0 | D:1      | dvd the Deep Dwarf Earth Elementalist began the quest for the Orb.
     0 | D:1      | Reached XP level 1. HP: 15/15 MP: 3/3
   213 | D:1      | Reached XP level 2. HP: 17/22 MP: 4/4
   807 | D:2      | Reached XP level 3. HP: 17/28 MP: 6/6
   812 | D:2      | Learned a level 3 spell: Stone Arrow
  1073 | D:2      | Reached skill level 1 in Fighting
  1154 | D:2      | Reached XP level 4. HP: 18/38 MP: 7/7
  1234 | D:2      | Found a radiant altar of Vehumet.
  1356 | D:2      | Noticed Ijyb
  1362 | D:2      | Reached skill level 5 in Earth Magic
  1368 | D:2      | Killed Ijyb
  1660 | D:2      | Reached XP level 5. HP: 40/44 MP: 8/8
  2548 | D:3      | Reached XP level 6. HP: 27/52 MP: 1/10
  2657 | D:3      | Reached skill level 1 in Evocations
  2783 | D:3      | Reached skill level 1 in Maces & Flails
  2837 | D:5      | Entered Level 5 of the Dungeon
  2837 | D:5      | Found a shimmering altar of Xom.
  3042 | D:4      | Reached skill level 6 in Earth Magic
  3042 | D:4      | Reached XP level 7. HP: 19/60 MP: 1/12
  3333 | D:4      | Found an opulent altar of Gozag.
  3559 | D:4      | Noticed a two-headed ogre
  3620 | D:4      | Found Susivegi's Book Shop.
  3652 | D:4      | Noticed Mefis's ghost (amateur DEWz)
  3684 | D:4      | Killed Mefis's ghost
  3684 | D:4      | Reached skill level 1 in Conjurations
  3964 | D:5      | HP: 3/60 [orc priest/divine providence (10)]
  4175 | D:4      | Learned a level 5 spell: Lee's Rapid Deconstruction
  4254 | D:5      | Reached skill level 5 in Dodging
  4336 | D:5      | Reached skill level 7 in Earth Magic
  4336 | D:5      | Reached XP level 8. HP: 39/67 MP: 1/14
  4843 | D:5      | Noticed Eustachio
  4847 | D:5      | Killed Eustachio
  5010 | D:6      | Noticed Sigmund
  5010 | D:6      | Reached skill level 8 in Earth Magic
  5014 | D:6      | Killed Sigmund
  5014 | D:6      | Reached skill level 5 in Spellcasting
  5212 | D:6      | Noticed Blork the orc
  5218 | D:6      | Killed Blork the orc
  5225 | D:6      | Noticed Edmund
  5265 | D:6      | Found a glowing golden altar of the Shining One.
  5318 | D:6      | Noticed Pikel
  5339 | D:6      | Killed Pikel
  5339 | D:6      | Reached skill level 9 in Earth Magic
  5339 | D:6      | Gained mutation: You passively map the area around you. [Deep Dwarf growth]
  5339 | D:6      | Reached XP level 9. HP: 41/74 MP: 8/17
  5419 | D:6      | Found a basalt altar of Yredelemnul.
  5483 | D:6      | Killed Edmund
  5617 | D:6      | Found a staircase to the Ecumenical Temple.
  5729 | Temple   | Entered the Ecumenical Temple
  5746 | Temple   | Became a worshipper of Elyvilon the Healer
  6389 | D:7      | Slain by an orc warrior

Skill      XL: |  1  2  3  4  5  6  7  8  9 |
---------------+----------------------------+-----
Spellcasting   | 2 3 4 5 6 |  6.3
Stealth        | 3 4 |  4.9
Fighting       | 1 2 |  2.9
Earth Magic    | 5 6 7 9 |  9.8
Dodging        | 3 5 6 |  6.4
Evocations     | 1 2 |  2.2
Maces & Flails | 1 2 |  2.4
Conjurations   | 1 |  1.3
Transmutations | |  0.8

Action                   |  1- 3 |  4- 6 |  7- 9 || total
-------------------------+-------+-------+-------++-------
Melee: Mace              |    47 |   192 |   175 ||   414
 Cast: Sandblast         |    22 |    53 |   154 ||   229
       Stone Arrow       |     2 |    15 |    20 ||    37
 Abil: Device Recharging |       |       |     1 ||     1
Evoke: Wand              |       |    10 |    15 ||    25
  Use: Scroll            |       |     8 |     5 ||    13
       Potion            |       |     4 |     5 ||     9
 Stab: Sleeping          |     9 |     2 |     1 ||    12
  Eat: Chunk             |     1 |     9 |    13 ||    23
Armor: Robe              |    17 |    71 |    64 ||   152
Dodge: Dodged            |    36 |   179 |   262 ||   477
